 Dungeon Crawl Stone Soup version 0.30-a0-137-gd8773701ce (webtiles) character file.

Game seed: 15318671925207539670

208 Darkkill the Caller (level 5, -13/38 HPs)
             Began as a Demonspawn Wanderer on Sept 23, 2022.
             Was a Believer of Fedhas.
             Mangled by an ogre
             ... wielding a +0 giant club
              (31 damage)
             ... on level 4 of the Dungeon.
             The game lasted 00:14:33 (2957 turns).

Darkkill the Caller (Demonspawn Wanderer)           Turns: 2957, Time: 00:14:33

Health: -13/38     AC:  9    Str: 10    XL:     5   Next: 55%
Magic:  8/8        EV:  9    Int: 14    God:    Fedhas [**....]
Gold:   205        SH:  0    Dex: 16    Spells: 7/8 levels left

rFire   . . .      SeeInvis .    a - +2 dagger
rCold   . . .      Faith    .    (no shield)
rNeg    . . .      Spirit   .    m - +3 scale mail
rPois   .          Reflect  .    (no helmet)
rElec   .          Harm     .    (no cloak)
rCorr   .          Rampage  .    (no gloves)
Will    .....                    (no boots)
Stlth   +.........               (no amulet)
HPRegen 0.12/turn                (no ring)
MPRegen 0.11/turn                (no ring)

@: no status effects
A: spiny 2, demonic touch 1
a: Renounce Religion, Wall of Briars


You were on level 4 of the Dungeon.
You worshipped Fedhas.
Fedhas was pleased with you.
You visited 1 branch of the dungeon, and saw 4 of its levels.
You also visited: Sewer.

You collected 205 gold pieces.

Inventory:

Hand Weapons
 a - a +2 dagger (weapon)
Missiles
 c - a curare-tipped dart
Armour
 e - a +0 robe
 h - a +1 leather armour
 m - a +3 scale mail (worn)
Scrolls
 f - a scroll of teleportation
Potions
 b - a potion of brilliance
 d - a potion of mutation {unknown}
 g - a potion of might
 i - a potion of heal wounds
 j - 2 potions of degeneration {unknown}
 k - a potion of resistance {unknown}
 l - a potion of ambrosia {unknown}


   Skills:
 + Level 1.9 Fighting
 + Level 2.0 Short Blades
 + Level 1.0 Throwing
 + Level 2.2 Armour
 + Level 2.1 Dodging
 + Level 2.6 Stealth
 + Level 2.2 Spellcasting
 + Level 2.6 Summonings
 + Level 1.0 Evocations


You had 7 spell levels left.
You knew the following spells:

 Your Spells              Type           Power      Damage    Failure   Level
a - Summon Small Mammal   Summ           32%        N/A       47%         1

Your spell library contained the following spells:

 Spells                   Type           Power      Damage    Failure   Level
 Apportation              Tloc           2%         N/A       83%         1
 Beastly Appendage        Tmut           2%         N/A       83%         1
 Call Canine Familiar     Summ           8%         N/A       85%         3
 Wereblood                Tmut           1%         N/A       93%         2
 Spider Form              Tmut/Pois      1%         N/A       99%         3
 Alistair's Intoxication  Tmut/Pois      0%         N/A       100%        5


Dungeon Overview and Level Annotations

Branches:
Dungeon (4/15)              Sewer (visited)
 Temple: D:4-7

Altars:
Fedhas


Innate Abilities, Weirdness & Mutations

You are mostly covered in sharp spines.
Your touch may inflict minor irresistible damage on your foes.


Message History

There is an open door here.
Found 12 gold pieces.
Found 17 gold pieces.
Found a club.
You now have 188 gold pieces (gained 12).
Found 2 green potions.
You now have 205 gold pieces (gained 17).
j - 2 green potions As you open the door, it creaks loudly!
There is an open door here.
Found a stone staircase leading down.
There is a stone staircase leading down here.
There is a stone staircase leading down here.
You climb downwards.
The goblin shouts!
The ogre shouts!
The orc shouts!
Found 27 gold pieces.
There is a stone staircase leading up here.
The orc hits you with a +0 falchion.
You hit the orc.
The orc is lightly wounded.
You hit the orc.
The orc is moderately wounded.
The orc is struck by your spines. The orc hits you but does no damage.
The ogre hits you with a +0 giant club.
You hit the orc.
You kill the orc!
Fedhas appreciates your contribution to the ecosystem.
The ogre closely misses you.
You barely miss the goblin. Your touch misses the goblin.
The goblin hits you but does no damage.
You hit the goblin.
The goblin is moderately wounded.
The goblin completely misses you. The ogre hits you with a +0 giant club!
You hit the goblin.
You kill the goblin!
Fedhas appreciates your contribution to the ecosystem.
The ogre hits you with a +0 giant club!!
Ouch! That really hurt!
You die...
Fedhas appreciates your contribution to the ecosystem.

..........##
...⌠.⌠.⌠...#
....8.8.8...#
............#
............###
..............#
...........$#
.......O@...#
............#
.......<....#
............#
#...........#
##..........#
##.....$.###
###....##
######


You could see an ogre.

Vanquished Creatures
  A kobold brigand (Sewer)
  Robin (D:3)
  4 adders
  A river rat (Sewer)
  A worm (D:2)
  4 orcs
  13 ball pythons
  A bat (D:1)
  5 endoplasms
  2 giant cockroaches
  10 hobgoblins
  A jackal (Sewer)
  A quokka (D:1)
  4 frilled lizards
  11 goblins
  10 kobolds
  6 rats
76 creatures vanquished.

Vanquished Creatures (others)
  4 plants (Sewer)
4 creatures vanquished.

Grand Total: 80 creatures vanquished

Notes
Turn   | Place    | Note
-------+----------+-------------------------------------------
     0 | D:1      | Darkkill the Demonspawn Wanderer began the quest for the
                  | Orb.
     0 | D:1      | Darkkill set off with the following items: a +2 dagger, a
                  | potion of brilliance, a potion of curing, a potion of
                  | lignification, a +0 robe; and the following spell
                  | memorised: Summon Small Mammal; and the following spells
                  | available to memorise: Call Canine Familiar.
     0 | D:1      | Reached XP level 1. HP: 15/15 MP: 3/3
   443 | D:1      | Gained mutation: Your touch may inflict minor irresistible
                  | damage on your foes. [demonic ancestry]
   443 | D:1      | Reached XP level 2. HP: 14/21 MP: 5/5
  1011 | D:1      | Found a faded altar of an unknown god.
  1035 | D:1      | Prayed at the altar of an unknown god.
  1035 | D:1      | Became a worshipper of Fedhas Madash
  1035 | D:1      | Reached * piety under Fedhas
  1535 | D:2      | Gained mutation: You are partially covered in sharp spines.
                  | [demonic ancestry]
  1535 | D:2      | Reached XP level 3. HP: 26/26 MP: 6/6
  1923 | D:2      | Reached skill level 1 in Short Blades
  2315 | D:3      | Noticed Robin
  2338 | D:3      | Reached ** piety under Fedhas
  2345 | D:3      | Gained mutation: You are mostly covered in sharp spines.
                  | [demonic ancestry]
  2345 | D:3      | Reached XP level 4. HP: 16/32 MP: 7/7
  2364 | D:3      | Killed Robin
  2366 | D:3      | Reached skill level 1 in Dodging
  2397 | D:3      | Found a glowing drain.
  2416 | Sewer    | Entered a sewer
  2451 | Sewer    | Noticed a kobold brigand
  2468 | Sewer    | Killed a kobold brigand
  2469 | Sewer    | Reached XP level 5. HP: 20/38 MP: 8/8
  2948 | D:4      | Noticed an ogre
  2957 | D:4      | Mangled by an ogre

Illustrated notes

Levels and vault maps discovered:
D:1:      ncdulo_watergridlock, layout_loops_ring,
          chequers_ecumenical_altar_island, minmay_misc_feat_encased
D:2:      layout_loops_ring, minmay_randomly_rotated_circles
D:3:      layout_basic, portal_sewer_entry_b, uniq_robin
D:4:      layout_cave_pods, minmay_temple_entry_drinking_statues, serial_shops,
          kennysheep_mini

Skill      XL: |  1  2  3  4  5 |
---------------+----------------+-----
Stealth        | 2 |  2.6
Short Blades   | 1 2 |  2.0
Dodging        | 1 2 |  2.1
Armour         | 2 |  2.2
Fighting       | |  1.9
Throwing       | |  1.0
Spellcasting   | |  2.2
Summonings     | |  2.6
Evocations     | |  1.0

Action                   |  1- 3 |  4- 6 || total
-------------------------+-------+-------++-------
Melee: Dagger            |   116 |    58 ||   174
       Touch             |    13 |     8 ||    21
       Punch             |     1 |     1 ||     2
  Use: Scroll            |     7 |     2 ||     9
       Potion            |     3 |     3 ||     6
 Stab: Sleeping          |     2 |       ||     2
Armor: Robe              |     6 |       ||     6
       Leather armour    |    16 |       ||    16
       Skin              |    51 |    28 ||    79
       Scale mail        |     4 |    18 ||    22
Dodge: Dodged            |    56 |    15 ||    71

Table legend: (Time is in decaauts)
 A = Elapsed time spent in this place.
 B = Non-inter-level travel time spent in this place.
 C = Inter-level travel time spent in this place.
 D = Time resting spent in this place.
 E = Time spent auto-exploring this place.
 F = Levels seen in this place.
 G = Mean time per level.
                   A        B        C        D        E       F      G
               +--------+--------+--------+--------+--------+-----+--------+
         Total |   3043 |   2970 |     73 |    572 |      0 |   5 |  608.6 |
       Dungeon |   2553 |   2480 |     73 |    471 |      0 |   4 |  638.2 |
         Sewer |    490 |    490 |      0 |    101 |      0 |   1 |  490.0 |
               +--------+--------+--------+--------+--------+-----+--------+

Top non-repeatable levels by time:
     D:1: 1319 daAuts
     D:2: 740 daAuts
   Sewer: 490 daAuts
     D:3: 485 daAuts
     D:4: 8 daAuts
